 Dungeon Crawl Stone Soup version 0.32-a0-933-ga8fa3634e4 (webtiles) character file.

Game seed: 1930070404509097720

86 Heh the Slasher (level 4, 0/33 HPs)
             Began as a Coglin Gladiator on Apr 14, 2024.
             Slain by a kobold
             ... wielding a +0 short sword
              (1 damage)
             ... on level 3 of the Dungeon.
             The game lasted 00:03:18 (2558 turns).

Heh the Slasher (Coglin Gladiator)                  Turns: 2558, Time: 00:03:19

Health: 0/33       AC:  7    Str: 15    XL:     4   Next: 50%
Magic:  4/4        EV: 11    Int:  7    God:
Gold:   72         SH:  0    Dex: 17    Spells: 3/3 levels left

rFire   . . .        a - +0 long sword {Rabni}
rCold   . . .        f - +0 dagger {Apolônia}
rNeg    . . .        n - +3 leather armour
rPois   .            c - +0 helmet
rElec   .            (no cloak)
rCorr   .            (no gloves)
SInv    .            (no boots)
Will    .....        (amulet unavailable)
Stlth   +            (ring unavailable)
HPRegen 0.25/turn    (ring unavailable)
MPRegen 0.09/turn    (no gizmo)

%: no passive effects
@: lethally poisoned (0 -> -7), attractive, revving
A: off-hand wielding, slow wielding, warmup strikes, no jewellery
a: Invent Gizmo


You were on level 3 of the Dungeon.
You visited 1 branch of the dungeon, and saw 3 of its levels.

You collected 72 gold pieces.

Inventory:

Hand Weapons
 a - a +0 long sword (weapon) {Rabni}
 f - a +0 dagger (offhand) {Apolônia}
Missiles
 d - 3 throwing nets (quivered)
 e - a javelin
Armour
 b - a +0 leather armour
 c - a +0 helmet (worn)
 k - a +0 ring mail
 n - a +3 leather armour (worn)
 p - a +0 scale mail
Scrolls
 m - a scroll of noise {unknown}
 o - a scroll of fear {unknown}
 q - a scroll of immolation {unknown}
Potions
 j - a potion of brilliance {unknown}
 l - 2 potions of invisibility {unknown}


   Skills:
 - Level 2.0 Fighting
 + Level 5.1 Long Blades
 - Level 1.7 Throwing
 - Level 2.6 Dodging


You had 3 spell levels left.
You didn't know any spells.
Your spell library contained the following spells:

 Spells                   Type           Power      Damage    Failure   Level
 Brom's Barrelling Bould  Conj/Erth      0%         2d3       99%         4
 Leda's Liquefaction      Alch/Erth      0%         N/A       99%         4
 Fireball                 Conj/Fire      0%         3d3       100%        5
 Iskenderun's Battlesphe  Conj           0%         2d6       100%        5
 Lee's Rapid Deconstruct  Erth           0%         3d4*      100%        5
 Conjure Ball Lightning   Conj/Air       0%         3x3d6     100%        6
 Permafrost Eruption      Ice/Erth       0%         2x4d1     100%        6
 Orb of Destruction       Conj           0%         9d5       100%        7


Dungeon Overview and Level Annotations

Branches:
Dungeon (3/15)

Altars:
Hepliaklqana

Shops:
D:2 (


Innate Abilities, Weirdness & Mutations

You can wield a second weapon in your off-hand.
It takes a long time for you to wield or remove held weapons.
Your first few attacks do less damage.
You cannot equip rings or amulets.


Message History

You hear some strange, mumbled words.
A magic dart appears from out of thin air!
The magic dart hits you. The orc hits you but does no damage.
You hit the orc with your +0 dagger.
You kill the orc!
* * * LOW HITPOINT WARNING * * *
You feel very sick.
You hear some strange, mumbled words.
A puff of flame appears from out of thin air!
The puff of flame hits you.
* * * LOW HITPOINT WARNING * * *
The orc barely misses you. The kobold hits you but does no damage.
The orc barely misses you. Something hits you but does no damage.
You are more poisoned.
You feel much better.
You feel very sick. Something hits you. The orc closely misses you.
The kobold misses you. The orc hits you but does no damage.
Something hits you but does no damage.
You are lethally poisoned!
You feel very sick.
The orc hits you from afar with a +0 trident.
The kobold hits you with a +0 short sword.
The orc barely misses you.
You see here a +0 falchion.
You feel very sick. The orc closely misses you.
The orc hits you with a +0 falchion.
* * * LOW HITPOINT WARNING * * *
* * * LOW HITPOINT WARNING * * *
You feel very sick. The orc attacks as it pursues you!
The orc barely misses you. The kobold attacks as it pursues you!
The kobold barely misses you.
* * * LOW HITPOINT WARNING * * *
You feel sick. The kobold attacks as it pursues you!
The kobold hits you but does no damage.
It was a potion of attraction.
You feel attractive to monsters.
* * * LOW HITPOINT WARNING * * *
You feel very sick.
The kobold hits you with a +0 short sword.
You die...

#
.#.......###........#.....#
..#
...............###..#.###.#
..#
.#.........>...#....#......
.....
...!.....####....#######...
.$... ..........#
##.#....#.....# .....
..........# #.###..#..##.#
..### .###.....)# #.#
#..#...... ...
#.....#####.####....##.#
#..#.oK@..........#.##.#
.....#.######.######.....#
###..#.##............###.#
#. #.#...###.#####.# #.#
#..#..#.#.##.## #.###.#
#.......†.....# #.....#
#.....#.#.##..# ###.###
#.####...###..# #.#
....)........######.#


You could see an orc and a kobold.

Vanquished Creatures
  3 adders
  3 dart slugs
  2 ribbon worms
  An orc (D:3)
  12 ball pythons
  A bat (D:2)
  3 endoplasms
  5 giant cockroaches
  A goblin (D:1)
  6 hobgoblins
  2 jackals (D:2)
  2 frilled lizards
  5 kobolds
  2 rats
48 creatures vanquished.

Notes
Turn   | Place    | Note
-------+----------+-------------------------------------------
     0 | D:1      | Heh the Coglin Gladiator began the quest for the Orb.
     0 | D:1      | Reached XP level 1. HP: 16/16 MP: 1/1
   351 | D:1      | Reached XP level 2. HP: 22/22 MP: 2/2
   361 | D:1      | Found a faded altar of an unknown god.
   936 | D:2      | Reached skill level 4 in Long Blades
   948 | D:2      | Reached XP level 3. HP: 13/27 MP: 3/3
  1459 | D:2      | Found Hillam's Weapon Boutique.
  1473 | D:2      | Reached XP level 4. HP: 5/33 MP: 4/4
  1477 | D:2      | HP: 1/33 [poisoned by an adder]
  2201 | D:3      | Found a hazy altar of Hepliaklqana.
  2374 | D:3      | Reached skill level 5 in Long Blades
  2558 | D:3      | HP: 1/33 [poisoned by an orc wizard]
  2558 | D:3      | Slain by a kobold

Illustrated notes

Levels and vault maps discovered:
D:1:      dpeg_arrival_water_temple_mockup, layout_basic,
          ebering_ecumenical_altar_hall, chequers_serial_rivers_large_a,
          minmay_door_square
D:2:      layout_basic, serial_shops, nicolae_shop_bloodbath_and_beyond,
          minmay_ruptured
D:3:      layout_loops_ring, worldfamousw_hep_ancestral_shrine,
          mainiacjoe_overflow_boulevard, chequers_serial_rivers_room_b

Skill      XL: |  1  2  3  4 |
---------------+-------------+-----
Long Blades    | 4 5 |  5.1
Fighting       | |  2.0
Throwing       | |  1.7
Dodging        | |  2.6

Action                     |  1- 3 |  4- 6 || total
---------------------------+-------+-------++-------
  Melee: Long sword        |    90 |    34 ||   124
         Dagger            |    76 |    31 ||   107
    Use: Potion            |       |     6 ||     6
   Stab: Sleeping          |     2 |     2 ||     4
 Armour: Leather armour    |    76 |    58 ||   134
  Dodge: Dodged            |    56 |    44 ||   100

Table legend: (Time is in decaauts)
 A = Elapsed time spent in this place.
 B = Non-inter-level travel time spent in this place.
 C = Inter-level travel time spent in this place.
 D = Time resting spent in this place.
 E = Time spent auto-exploring this place.
 F = Levels seen in this place.
 G = Mean time per level.
                   A        B        C        D        E       F      G
               +--------+--------+--------+--------+--------+-----+--------+
         Total |   2571 |   2454 |    117 |    223 |   1871 |   3 |  857.0 |
       Dungeon |   2571 |   2454 |    117 |    223 |   1871 |   3 |  857.0 |
               +--------+--------+--------+--------+--------+-----+--------+

Top non-repeatable levels by time:
     D:2: 1211 daAuts
     D:1: 942 daAuts
     D:3: 417 daAuts
